 Dungeon Crawl Stone Soup version 0.15.1-4-gac8487e (webtiles) character file.

248 Heini the Covered (level 5, -17/48 HPs)
             Began as a Minotaur Fighter on Oct 13, 2014.
             Killed from afar by BoredOne's ghost (26 damage)
             ... with an orb of energy
             ... on Level 4 of the Dungeon.
             The game lasted 00:06:05 (2534 turns).

Heini the Covered (Minotaur Fighter)                Turns: 2534, Time: 00:06:11

HP -17/48        AC  9     Str 22      XL: 5   Next: 86%
MP   2/2         EV  7     Int  5      God:
Gold 253         SH  9     Dex  9      Spells:  0 memorised,  4 levels left

rFire  . . .     SeeInvis .     a - +0 flail
rCold  . . .     Clarity  .     b - +0 scale mail
rNeg   . . .     rCorr    .     c - +0 shield
rPois  .         rRot     .     (helmet restricted)
rElec  .         Spirit   .     (no cloak)
SustAb .         Warding  .     m - +1 pair of gloves
rMut   .         Stasis   .     (no boots)
Gourm  .                        (no amulet)
MR     .....                    (no ring)
                                (no ring)

@: not resistant to hostile enchantments, extremely unstealthy
A: retaliatory headbutt, horns 2
a: no special abilities


You were on level 4 of the Dungeon.
You were hungry.

You visited 1 branch of the dungeon, and saw 4 of its levels.

You collected 253 gold pieces.

Inventory:

Hand weapons
 a - a +0 flail (weapon)
Armour
 b - a +0 scale mail (worn)
 c - a +0 shield (worn)
 m - a +1 pair of gloves (worn)
Magical devices
 y - a wand of fireball (3) {unknown}
Comestibles
 d - 3 bread rations
 g - a fruit
 j - 2 meat rations
 u - 5 rotting chunks of ogre flesh
Scrolls
 k - a scroll of magic mapping
 o - a scroll of recharging
 s - a scroll of remove curse
 x - a scroll of fear
Jewellery
 r - an uncursed ring of see invisible {unknown}
 v - an uncursed amulet of rage {unknown}
Potions
 e - a potion of might
 f - 2 potions of haste
 h - 3 potions of heal wounds
 i - a potion of resistance {unknown}
 l - 2 potions of invisibility {unknown}
 n - a potion of curing {unknown}
 q - a potion of magic {unknown}
 t - 2 potions of flight {unknown}
 w - a potion of degeneration {unknown}
 z - a potion of cancellation {unknown}
 A - a potion of agility {unknown}
Books
 p - Jessica's Incunabulum of the Oath
   (You found it on level 2 of the Dungeon)

   Spells                             Type                      Level
   Sure Blade                         Hexes/Charms                 2


   Skills:
 * Level 5.4 Fighting
 * Level 4.2 Maces & Flails
 * Level 5.9 Armour
 - Level 3.6 Shields


You had 4 spell levels left.
You didn't know any spells.

Dungeon Overview and Level Annotations

Branches:
Dungeon (4/15)             Temple (0/1) D:4

Altars:
Nemelex Xobeh
The Shining One

Annotations:
D:4 BoredOne's ghost, experienced TeCj


Innate Abilities, Weirdness & Mutations

You reflexively headbutt those who attack you in melee.
You have a pair of horns on your head.


Message History

BoredOne's ghost casts a spell at you.
You are feeling hungry.
BoredOne's ghost gestures at you while chanting.
The orb of energy misses you.
The orb of energy explodes!
BoredOne's ghost gestures at you while chanting.
The orb of energy hits you!
The orb of energy explodes!
You closely miss BoredOne's ghost.
You headbutt BoredOne's ghost, but do no damage.
BoredOne's ghost casts a spell at you. The orb of energy hits you!
You closely miss BoredOne's ghost. Your headbutt misses BoredOne's ghost.
BoredOne's ghost completely misses you.
You thump BoredOne's ghost!
BoredOne's ghost is moderately damaged.
BoredOne's ghost hits you!
* * * LOW HITPOINT WARNING * * *
BoredOne's ghost casts a spell at you. The orb of energy hits you!
Ouch! That really hurt!
You die...

####...# ##.#.###.#
#...####.##........#
#)..............##.##
#...#.#.#.#.#........
######...............##...
###..>.....#.......#...##.>.
............................
###.......W#...>...#.#..##..
####.#...@.........##.....
#.#...#.......#.##....>
#.#.............##.....
#.#...#.#.#.#.#........
#.#.............).%)...
####.......#####..#...%...
###.........#.......###.%...
............#.#####)# #....#
##...##..#.#.#####.# ##...#


You could see BoredOne's ghost.

Vanquished Creatures
  An ogre (D:4)
  An orc wizard (D:4)
  2 worker ants (D:4)
  Jessica (D:2)
  A gnoll (D:1)
  A giant gecko (D:1)
  An ooze (D:1)
  4 orcs (D:4)
  A ball python (D:3)
  6 bats
  4 hobgoblins
  4 jackals (D:1)
  4 kobolds
  3 quokkas
  5 giant cockroaches
  A giant gecko skeleton (D:4)
  A giant newt (D:2)
  7 goblins
  An orc skeleton (D:4)
  11 rats
60 creatures vanquished.

Notes
Turn   | Place    | Note
--------------------------------------------------------------
     0 | D:1      | Heini, the Minotaur Fighter, began the quest for the Orb.
     0 | D:1      | Reached XP level 1. HP: 19/19 MP: 1/1
    37 | D:1      | Reached skill level 4 in Fighting
    53 | D:1      | Reached XP level 2. HP: 22/27 MP: 1/1
   507 | D:1      | Reached XP level 3. HP: 23/34 MP: 2/2
   878 | D:2      | Noticed Jessica
   883 | D:2      | Killed Jessica
   890 | D:2      | Identified Jessica's Incunabulum of the Oath
  1459 | D:3      | Reached XP level 4. HP: 41/41 MP: 2/2
  1737 | D:3      | Found a glowing golden altar of the Shining One.
  1962 | D:3      | Found a sparkling altar of Nemelex Xobeh.
  2114 | D:4      | Noticed an ogre
  2127 | D:4      | HP: 2/41 [ogre/giant club (12)]
  2128 | D:4      | Killed an ogre
  2128 | D:4      | Reached skill level 5 in Fighting
  2128 | D:4      | Reached skill level 5 in Armour
  2128 | D:4      | Reached XP level 5. HP: 2/48 MP: 2/2
  2239 | D:4      | Found a staircase to the Ecumenical Temple.
  2526 | D:4      | Noticed BoredOne's ghost (experienced TeCj)
  2534 | D:4      | Killed from afar by BoredOne's ghost

Action                   |  1- 3 |  4- 6 || total
-------------------------+-------+-------++-------
Melee: Flail             |    95 |    62 ||   157
  Use: Scroll            |     3 |     7 ||    10
       Potion            |     1 |       ||     1
  Eat: Chunk             |     1 |     4 ||     5
